 Dungeon Crawl Stone Soup version 0.22.1-5-g62c59d919a (webtiles) character file.

3332 Peloso the Blocker (level 9, -2/78 (79) HPs)
             Began as a Minotaur Fighter on Jan 12, 2019.
             Was a Believer of Okawaru.
             Slain by a troll (7 damage)
             ... on level 8 of the Dungeon.
             The game lasted 00:21:53 (8479 turns).

Peloso the Blocker (Minotaur Fighter)               Turns: 8479, Time: 00:21:54

HP:   -2/78 (79)    AC: 16    Str: 22    XL:     9   Next: 71%
MP:   8/8           EV:  6    Int:  5    God:    Okawaru [**....]
Gold: 278           SH: 12    Dex: 12    Spells: 8/8 levels left

rFire    . . .     SeeInvis +   o - -2 short sword (curse)
rCold    . . .     Gourm    .   c - +0 shield
rNeg     . . .     Faith    .   e - +1 plate armour
rPois    +         Spirit   .   (helmet restricted)
rElec    .         Reflect  .   (no cloak)
rCorr    .         Harm     .   (no gloves)
MR       .....                  G - +0 pair of boots
Stlth    ..........             w - amulet of inaccuracy (curse)
HPRegen  0.23/turn              l - ring of see invisible
MPRegen  0.11/turn              p - ring of poison resistance

@: no status effects
A: retaliatory headbutt, horns 2
a: Heroism, Renounce Religion


You were on level 8 of the Dungeon.
You worshipped Okawaru.
Okawaru was pleased with you.
You were not hungry.

You visited 2 branches of the dungeon, and saw 9 of its levels.
You also visited: Sewer.

You collected 338 gold pieces.
You spent 60 gold pieces at shops.

Inventory:

Hand Weapons
 a - a +3 long sword
 b - a +1 long sword
 o - a cursed -2 short sword (weapon)
Armour
 c - a +0 shield (worn)
 e - a +1 plate armour (worn)
 F - the +6 scale mail of Feasting {Str+2, unknown}
   (You found it on level 7 of the Dungeon)

   It affects your strength (+2).
 G - a +0 pair of boots (worn)
Jewellery
 l - a ring of see invisible (left hand)
 p - a ring of poison resistance (right hand)
 t - an uncursed amulet of guardian spirit
 w - a cursed amulet of inaccuracy (around neck)
 y - an uncursed amulet of rage {unknown}
 z - an uncursed amulet of faith {unknown}
 J - an uncursed amulet of the gourmand {unknown}
Wands
 A - a wand of flame (33)
 E - a wand of iceblast (4)
 I - a wand of paralysis (6)
Scrolls
 h - a scroll of enchant weapon
 u - 3 scrolls of blinking
 v - a scroll of enchant armour
 B - 2 scrolls of teleportation
 D - a scroll of amnesia
 H - a scroll of magic mapping
Potions
 d - a potion of might
 g - 2 potions of heal wounds
 i - 3 potions of haste
 j - 3 potions of curing
 k - 2 potions of ambrosia
 m - a potion of resistance
 n - 2 potions of lignification {unknown}
 q - 2 potions of flight {unknown}
 r - a potion of mutation {unknown}
 s - a potion of degeneration {unknown}
 x - 2 potions of brilliance {unknown}
 C - a potion of magic {unknown}
Comestibles
 f - 15 rations


   Skills:
 + Level 7.1 Fighting
 + Level 6.6(7.0) Short Blades
 + Level 3.3(5.7) Long Blades
 + Level 9.8 Armour
 + Level 1.8 Dodging
 + Level 0.2 Stealth
 + Level 9.9 Shields
 + Level 0.5 Evocations


You had 8 spell levels left.
You didn't know any spells.
Your spell library was empty.

Dungeon Overview and Level Annotations

Branches:
Dungeon (8/15)             Temple (1/1) D:7
   Lair: D:8-11

Altars:
Ashenzari
Gozag
Hepliaklqana
Makhleb
Nemelex Xobeh
Okawaru
Qazlal
Ru
Sif Muna
Trog
Vehumet
Wu Jian
Yredelemnul
The Shining One

Shops:
D:6 %(   D:7 %?([%


Innate Abilities, Weirdness & Mutations

You reflexively headbutt those who attack you in melee.
You have a pair of horns on your head.


Message History

The troll bites you but does no damage. You block the troll's attack.
The troll claws you!
* * * LOW HITPOINT WARNING * * *
You hit the troll but do no damage.
The troll is almost dead.
The troll bites you but does no damage. The troll claws you but does no damage.
You completely miss the troll. Your headbutt misses the troll.
The troll is severely wounded.
You hit the troll.
You headbutt the troll, but do no damage.
The troll is almost dead.
The troll bites you but does no damage. The troll barely misses you. x2
You hit the troll but do no damage.
The troll is almost dead.
You block the troll's attack. The troll barely misses you. The troll claws you!
* * * LOW HITPOINT WARNING * * *
You hit the troll but do no damage. Your headbutt misses the troll.
The troll is almost dead.
You block the troll's attack. x2; The troll claws you!
You die...

#### ... .. ..# #.
#.# #. #.#.#
#.##@#.#
#######..#T#.#
.......#.#o#.#
.........#h#.#
...o.......#.#
........#..#.#######
........#.†.........
...####.##.#.######
##### #.##.#.#


You could see a troll, a hound and an orc.

Vanquished Creatures
  A two-headed ogre (D:8)
  Sigmund (D:6)
  Grum (D:7)
  A hungry ghost (D:7)
  Purgy (Sewer)
  A sky beast (D:7)
  A black bear (D:6)
  2 necrophages
  3 ogres
  2 wolves (D:7)
  A big kobold (D:7)
  2 bullfrogs
  A scorpion (D:8)
  4 wights
  6 crimson imps
  A bullfrog zombie (D:5)
  A centaur skeleton (D:5)
  2 jellies
  2 orc priests (D:3)
  5 hounds
  3 iguanas
  Ijyb (D:5)
  2 orc wizards
  3 worker ants
  A hound zombie (D:7)
  A hound skeleton (D:7)
  A worker ant zombie (D:6)
  6 adders
  2 shadow imps
  3 oozes
  An adder zombie (D:8)
  A worm (D:3)
  2 dart slugs
  6 leopard geckos
  13 orcs
  4 ball pythons
  13 giant cockroaches
  10 goblins
  4 hobgoblins
  13 jackals
  2 quokkas
  2 bats
  6 frilled lizards
  8 kobolds
  A leopard gecko skeleton (D:6)
  A quokka zombie (D:7)
  7 rats
156 creatures vanquished.

Notes
Turn   | Place    | Note
-------+----------+-------------------------------------------
     0 | D:1      | Peloso the Minotaur Fighter began the quest for the Orb.
     0 | D:1      | Reached XP level 1. HP: 19/19 MP: 0/0
   150 | D:1      | Reached XP level 2. HP: 27/27 MP: 1/1
   754 | D:2      | Reached XP level 3. HP: 33/33 MP: 2/2
  1213 | D:2      | Found a sacrificial altar of Ru.
  1704 | D:3      | Reached XP level 4. HP: 40/40 MP: 3/3
  1903 | D:3      | Reached skill level 1 in Short Blades
  1908 | D:3      | Found a sparkling altar of Nemelex Xobeh.
  2091 | D:3      | Found a glowing drain.
  2102 | Sewer    | Entered a sewer
  2182 | Sewer    | Noticed Purgy
  2198 | Sewer    | Killed Purgy
  2198 | Sewer    | Reached skill level 5 in Shields
  2198 | Sewer    | Reached XP level 5. HP: 27/47 MP: 4/4
  2466 | D:3      | Reached skill level 5 in Armour
  2661 | D:3      | Reached XP level 6. HP: 15/55 MP: 5/5
  3059 | D:4      | Found a bloodstained altar of Trog.
  3079 | D:3      | Reached skill level 5 in Fighting
  3439 | D:4      | Reached XP level 7. HP: 3/61 MP: 6/6
  4452 | D:5      | Entered Level 5 of the Dungeon
  4791 | D:5      | Found a glowing golden altar of the Shining One.
  4889 | D:5      | Noticed Ijyb
  4898 | D:5      | Killed Ijyb
  5214 | D:6      | Noticed Sigmund
  5238 | D:6      | Killed Sigmund
  5238 | D:6      | Reached XP level 8. HP: 70/70 MP: 7/7
  5346 | D:6      | Found a deep blue altar of Sif Muna.
  5401 | D:6      | Found Keud's Weapon Boutique.
  5504 | D:6      | Found Ohamoarch's Food Shop.
  6021 | D:6      | Reached skill level 1 in Dodging
  6355 | D:6      | Found a radiant altar of Vehumet.
  6509 | D:7      | Got a scorched scale mail
  6635 | D:7      | Found Puesina's Food Shoppe.
  6657 | D:7      | Found a staircase to the Ecumenical Temple.
  6748 | D:7      | Found Wiuphacvig's Antique Weapon Shop.
  6777 | D:7      | Found Boemnitre's Armour Boutique.
  6815 | D:7      | Reached skill level 5 in Short Blades
  6952 | D:7      | Found Qyel's Food Boutique.
  6996 | D:7      | Found Olyfaizi's Magic Scroll Boutique.
  7049 | D:7      | Bought a scroll of magic mapping for 38 gold pieces
  7049 | D:7      | Bought a scroll of identify for 22 gold pieces
  7472 | Temple   | Entered the Ecumenical Temple
  7537 | Temple   | Became a worshipper of Warmaster Okawaru
  7604 | D:8      | Noticed Grum
  7634 | D:7      | Reached XP level 9. HP: 64/78 MP: 8/8
  7947 | D:7      | Killed Grum
  7947 | D:7      | Reached * piety under Okawaru
  8279 | D:8      | Noticed a two-headed ogre
  8291 | D:8      | Killed a two-headed ogre
  8291 | D:8      | Reached ** piety under Okawaru
  8397 | D:8      | Found a stormy altar of Qazlal.
  8449 | D:8      | Noticed a troll
  8479 | D:8      | Slain by a troll

Skill      XL: |  1  2  3  4  5  6  7  8  9 |
---------------+----------------------------+-----
Armour         | 4 5 6 8 9 |  9.8
Fighting       | 4 5 6 7 |  7.1
Shields        | 4 5 7 8 9 |  9.9
Long Blades    | 3 |  3.3
Short Blades   | 2 3 4 5 6 |  6.6
Dodging        | 1 |  1.8
Stealth        | |  0.2
Evocations     | |  0.5

Action                   |  1- 3 |  4- 6 |  7- 9 || total
-------------------------+-------+-------+-------++-------
Melee: Long sword        |    46 |       |       ||    46
       Headbutt          |    15 |    56 |   112 ||   183
       Short sword       |    65 |   267 |   674 ||  1006
Evoke: Wand              |       |       |     7 ||     7
  Use: Scroll            |     2 |     4 |     8 ||    14
       Potion            |       |       |     5 ||     5
 Stab: Distracted        |     1 |       |       ||     1
  Eat: Chunk             |     2 |     6 |    12 ||    20
       Ration            |       |       |     3 ||     3
Armor: Plate armour      |    80 |   177 |   338 ||   595
Dodge: Dodged            |    14 |    38 |   105 ||   157
Block: Shield            |    65 |   115 |   342 ||   522
       Rpst.: Long sword |     1 |       |       ||     1
